 Dungeon Crawl Stone Soup version 0.26-a0-1205-g4083c211ab (webtiles) character file.

Game seed: 16489858532759096751

9 Goblin1989 the Sneak (level 2, 0/24 HPs)
             Began as a Demonspawn Delver on Dec 29, 2020.
             Succumbed to an adder's poison
             ... on level 5 of the Dungeon.
             The game lasted 00:00:35 (43 turns).

Goblin1989 the Sneak (Demonspawn Delver)              Turns: 43, Time: 00:00:35

Health: 0/24       AC:  3    Str: 12    XL:     2   Next: 3%
Magic:  2/2        EV: 12    Int: 11    God:
Gold:   0          SH:  0    Dex: 14    Spells: 1/1 levels left

rFire    . . .     SeeInvis .   a - +0 hand axe
rCold    . . .     Faith    .   (no shield)
rNeg     . . .     Spirit   .   b - +0 leather armour
rPois    .         Reflect  .   (no helmet)
rElec    .         Harm     .   (no cloak)
rCorr    .         Rampage  .   (no gloves)
Will     .....                  (no boots)
Stlth    ++........             (no amulet)
HPRegen  0.08/turn              (no ring)
MPRegen  0.08/turn              (no ring)

@: lethally poisoned (0 -> -3), hasted, very quick
A: talons 1
a: no special abilities


You were on level 5 of the Dungeon.
You visited 1 branch of the dungeon, and saw 2 of its levels.

Inventory:

Hand Weapons
 a - a +0 hand axe (weapon)
Armour
 b - a +0 leather armour (worn)
Wands
 g - a wand of digging (3) {@v1}
Scrolls
 c - a scroll of fog
 e - a scroll of fear
 M - a scroll of magic mapping


   Skills:
 + Level 3.1 Fighting
 * Level 2.1 Axes
 + Level 2.0 Dodging
 - Level 4.5 Stealth


You had one spell level left.
You didn't know any spells.
Your spell library was empty.

Dungeon Overview and Level Annotations

Branches:
Dungeon (5/15)
 Temple: D:4-7

Altars:

Annotations:
D:4 Pikel


Innate Abilities, Weirdness & Mutations

You have sharp toenails.


Message History

You become an orb of ice!
Welcome, Goblin1989 the Demonspawn Delver.
Will you prevail where others failed? Will you find the Orb of Zot?
Press ? for a list of commands and other information.
Found a dagger.
Found a stone staircase leading down and a stone staircase leading up. 2 jackals come into view.
There is a stone staircase leading up here.
You climb upwards.
An adder comes into view.
Found a dagger and a scroll labelled HUELYLI FESMI.
There is a stone staircase leading down here.
Unknown command.
The helpless adder fails to defend itself.
You hit the adder.
The adder is moderately wounded.
The adder bites you but does no damage. The adder closely misses you.
You miss the adder.
The adder is moderately wounded.
The adder bites you but does no damage.
You miss the adder.
The adder is moderately wounded.
The adder misses you. The adder bites you.
You are poisoned.
The adder poisons you!
You take 2 damage, and have 16/18 hp.
You slash the adder!
The adder is almost dead.
You feel sick. The adder barely misses you. The adder bites you.
You take 2 damage, and have 14/18 hp.
You closely miss the adder.
The adder is almost dead.
The adder closely misses you.
You closely miss the adder.
The adder is almost dead.
The adder bites you but does no damage. The adder bites you.
You take 2 damage, and have 12/18 hp.
Unknown command.
You closely miss the adder.
The adder is almost dead.
You feel sick. The adder bites you.
* * * LOW HITPOINT WARNING * * *
You are lethally poisoned!
The adder poisons you!
You take 6 damage, and have 6/18 hp.
MASSIVE DAMAGE!!
Unknown command.
You closely miss the adder.
The adder is almost dead.
The adder bites you.
* * * LOW HITPOINT WARNING * * *
The adder closely misses you.
You take 3 damage, and have 3/18 hp.
Unknown command.
You hit the adder but do no damage.
The adder is almost dead.
* * * LOW HITPOINT WARNING * * *
You feel sick. The adder closely misses you. The adder barely misses you.
You take 1 damage, and have 2/18 hp.
Unknown command.
You hit the adder.
You kill the adder!
Your Axes skill increases to level 2!
Your Dodging skill increases to level 2!
You have reached level 2!
Your demonic ancestry asserts itself...
Your toenails lengthen and sharpen.
MP restored: 2 Unknown command.
You feel yourself speed up.
* * * LOW HITPOINT WARNING * * *
You feel sick.
You take 1 damage, and have 2/24 hp.
You see here an adder corpse.
You open the door.
* * * LOW HITPOINT WARNING * * *
You feel sick.
There is an open door here.
Pikel the Slaver comes into view.
He is wielding a +1 whip of freezing.
Pikel shouts!
You hear a shout!
Pikel moves out of view.
You hear a shout! x2
* * * LOW HITPOINT WARNING * * *
You feel sick.
You take 1 damage, and have 1/24 hp.
There is an open door here.
You see here an adder corpse.
There is a stone staircase leading down here.
You climb downwards.
You die... ██████████████

▲....>........
██████....█████
█......).█
█████████........▲
█..........@.....█
█................█
█................█
███████..........█
█..........▲
█..........█
█.██████..... █.█
...██ █.█ ...█


There were no monsters in sight!

Vanquished Creatures
  An adder (D:4)
1 creature vanquished.

Notes
Turn   | Place    | Note
-------+----------+-------------------------------------------
     0 | D:5      | Goblin1989 the Demonspawn Delver began the quest for the
                  | Orb.
     0 | D:5      | Reached XP level 1. HP: 18/18 MP: 1/1
    29 | D:4      | Gained mutation: You have sharp toenails. [demonic
                  | ancestry]
    29 | D:4      | Reached XP level 2. HP: 3/24 MP: 2/2
    35 | D:4      | Noticed Pikel
    37 | D:4      | HP: 1/24 [poisoned by an adder]
    43 | D:5      | Succumbed to an adder's poison

Illustrated notes

Levels and vault maps discovered:
D:4:      layout_basic, nemelex_xobeh_ov_fountains_minmay, kennysheep_mini_moat,
          gammafunk_temple_overflow_wave, minmay_temple_entry_wispy,
          gammafunk_ghost_grave, uniq_grinder, uniq_pikel, uniq_menkaure
D:5:      cheibrodos_quashed, layout_basic, kennysheep_little_box,
          kennysheep_nondescript, st_stairs_1, kennysheep_boxes

Skill      XL: |  1 |
---------------+----+-----
Axes           | 2 |  2.1
Dodging        | 2 |  2.0
Fighting       | |  3.1
Stealth        | |  4.5

Action                   || total
-------------------------++-------
Melee: Hand axe          ||    10
  Use: Potion            ||     1
 Stab: Sleeping          ||     1
Armor: Leather armour    ||     3
Dodge: Dodged            ||     7

Table legend: (Time is in decaauts)
 A = Elapsed time spent in this place.
 B = Non-inter-level travel time spent in this place.
 C = Inter-level travel time spent in this place.
 D = Time resting spent in this place.
 E = Time spent auto-exploring this place.
 F = Levels seen in this place.
 G = Mean time per level.
                   A        B        C        D        E       F      G
               +--------+--------+--------+--------+--------+-----+--------+
         Total |     40 |     40 |      0 |      0 |      9 |   2 |   20.0 |
       Dungeon |     40 |     40 |      0 |      0 |      9 |   2 |   20.0 |
               +--------+--------+--------+--------+--------+-----+--------+

Top non-repeatable levels by time:
     D:4: 23 daAuts
     D:5: 17 daAuts
